 Dungeon Crawl Stone Soup version 0.29.0-4-gdea44cf6ec (webtiles) character file.

Game seed: 4194963591599814406

380 qw the Chopper (level 6, -15/37 HPs)
             Began as a Tengu Warper on Aug 28, 2022.
             Demolished by an ogre
             ... wielding a +0 giant club
              (25 damage)
             ... on level 4 of the Dungeon.
             The game lasted 00:00:19 (3209 turns).

qw the Chopper (Tengu Warper)                       Turns: 3209, Time: 00:00:19

Health: -15/37     AC:  8    Str: 13    XL:     6   Next: 75%
Magic:  10/10      EV:  6    Int: 14    God:
Gold:   115        SH:  3    Dex: 13    Spells: 9/9 levels left

rFire   . . .      SeeInvis .   Y - +0 hand axe
rCold   + . .      Faith    .   e - +0 buckler
rNeg    . . .      Spirit   .   m - +0 chain mail
rPois   .          Reflect  .   (helmet restricted)
rElec   .          Harm     .   (no cloak)
rCorr   .          Rampage  .   (no gloves)
Will    .....                   (boots unavailable)
Stlth   ..........              (no amulet)
HPRegen 0.12/turn               h - +4 ring of slaying {mikee}
MPRegen 0.12/turn               k - ring of protection from cold

@: flying quickly and evasively, quick
A: beak, talons 3, nimble flight
a: no special abilities


You were on level 4 of the Dungeon.
You visited 1 branch of the dungeon, and saw 4 of its levels.

You collected 115 gold pieces.


Innate Abilities, Weirdness & Mutations

You have a beak for a mouth.
You have claws for feet.
Your magical nature lets you fly swiftly and evasively.


   Skills:
 - Level 3.0 Fighting
 - Level 7.2 Axes
 - Level 1.0 Throwing
 - Level 1.1 Armour
 - Level 2.1 Dodging
 + Level 0.0 Shields
 - Level 2.0 Spellcasting
 - Level 2.4 Translocations


You had 9 spell levels left.
You didn't know any spells.
Your spell library contained the following spells:

 Spells                   Type           Power      Damage    Failure   Level
 Blink                    Tloc           16%        N/A       100%        2
 Gell's Gravitas          Tloc           8%         N/A       100%        3
 Lesser Beckoning         Tloc           8%         N/A       100%        3
 Teleport Other           Tloc           8%         N/A       100%        3
 Manifold Assault         Tloc           8%         N/A       100%        5

Inventory:

Hand Weapons
 a - a +0 whip
 Y - a +0 hand axe (weapon)
Missiles
 f - a boomerang (quivered)
Armour
 e - a +0 buckler (worn)
 m - a +0 chain mail (worn)
Jewellery
 h - a +4 ring of slaying (left hand) {mikee}
 k - a ring of protection from cold (right hand)
Scrolls
 d - a scroll of teleportation
Potions
 b - a potion of flight {unknown}
 c - a potion of brilliance {unknown}
 i - a potion of heal wounds {unknown}
 j - a potion of curing
 l - a potion of might {unknown}
 n - a potion of degeneration {unknown}

Dungeon Overview and Level Annotations

Branches:
Dungeon (4/15)
 Temple: D:4-7

Altars:
Ashenzari
Cheibriados
Gozag
Kikubaaqudgha
Qazlal
Sif Muna
Wu Jian
Zin

Shops:
D:1 !


Message History

3163 ||| STAIRDANCE You fly upwards.
There is a stone staircase leading down here.
Enter note:
Enter note:
Enter note:
Enter note:
Enter note:
Enter note: You start resting.
HP restored.
Done exploring.
3189 ||| UPGRADING to +0 buckler.
You start putting on your armour.
You continue putting on your +0 buckler. x4
You finish putting on your +0 buckler.
3194 ||| UPGRADING to +0 chain mail.
You start removing your armour.
You continue taking off your +0 scale mail. x4
You finish taking off your +0 scale mail.
You start putting on your armour.
You continue putting on your +0 chain mail. x5
You finish putting on your +0 chain mail.
3204 ||| DROPPING +0 scale mail.
You drop a +0 scale mail.
Done exploring.
(D) Dungeon
Where to? (* - list waypoints, Enter - D:4, ? - help)
What level of the Dungeon? (default 1, ? - help)
You fly downwards.
The ogre barely misses you.
There is a stone staircase leading up here.
An ogre is nearby!
You barely miss the ogre. Your kick misses the ogre.
The ogre hits you with a +0 giant club!!
Ouch! That really hurt!
You barely miss the ogre. You hit the ogre.
The ogre is lightly wounded.
The ogre hits you with a +0 giant club!!
Ouch! That really hurt!
You die...

############## ### .............#
#.. ....########.## #.# .##.#
#....# #.# .##.# #....# #.# .##.#
#....######.############ .##.#
#.........#.##..........
.##.######.....###.#%##.##....)..
.##.............@..............##
.##............O...............#
###............................#
......)........................#
###............................#
...............................#
###........(...................##
# #...........................$..
# #.............................#


You could see an ogre.

Vanquished Creatures
  Sigmund (D:2)
  3 jellies
  2 iguanas (D:4)
  2 adders
  A shadow imp (D:4)
  A worm (D:3)
  6 orcs (D:3)
  6 endoplasms
  A giant cockroach (D:2)
  9 goblins
  A hobgoblin (D:1)
  5 kobolds
  3 quokkas
  5 ball pythons
  3 bats
  A frilled lizard (D:1)
  11 rats
61 creatures vanquished.

Notes
Turn   | Place    | Note
-------+----------+-------------------------------------------
     0 | D:1      | qw the Tengu Warper began the quest for the Orb.
     0 | D:1      | Reached XP level 1. HP: 12/12 MP: 4/4
     0 | D:1      | 0 ||| qw: Version: 0.1-a-89-g26bdef1
     0 | D:1      | 0 ||| qw: Game counter: 862
     0 | D:1      | 0 ||| qw: Always use a shield: true
     0 | D:1      | 0 ||| qw: God list: Okawaru
     0 | D:1      | 0 ||| qw: Allow faded altars: false
     0 | D:1      | 0 ||| qw: Do Orc after D:15 true
     0 | D:1      | 0 ||| qw: Do second Lair branch before Depths: true
     0 | D:1      | 0 ||| qw: Lair rune preference: random
     0 | D:1      | 0 ||| qw: Plans: Normal
     0 | D:1      | 0 ||| PLANNING D:1-11
   304 | D:1      | Reached skill level 3 in Axes
   304 | D:1      | Reached XP level 2. HP: 17/17 MP: 6/6
   906 | D:1      | Found Leack's Distillery.
   911 | D:1      | 911 ||| SHOPLISTING potion of haste (130 gold, have 43).
   911 | D:1      | 911 ||| SHOPLISTING potion of heal wounds (65 gold, have
                  | 43).
   911 | D:1      | 911 ||| SHOPLISTING potion of might (52 gold, have 43).
  1167 | D:1      | Found a faded altar of an unknown god.
  1269 | D:1      | 1269 ||| UPGRADING to +0 ring mail.
  1279 | D:1      | 1279 ||| DROPPING +0 leather armour.
  1280 | D:1      | 1280 ||| DROPPING ring of magical power.
  1281 | D:1      | 1281 ||| UPGRADING to +4 ring of slaying {mikee}.
  1282 | D:1      | 1282 ||| DRINKING 2 yellow potions.
  1283 | D:1      | 1283 ||| DROPPING scroll of blinking.
  1300 | D:2      | Noticed Sigmund
  1301 | D:2      | 1301 ||| Stepping ~*~*~tactically~*~*~ (hiding).
  1303 | D:2      | 1303 ||| Stepping ~*~*~tactically~*~*~ (hiding).
  1313 | D:2      | 1313 ||| DRINKING potion of curing.
  1313 | D:2      | 1313 ||| (to cure confusion)
  1314 | D:2      | Killed Sigmund
  1315 | D:2      | Reached skill level 6 in Axes
  1315 | D:2      | Reached XP level 3. HP: 11/21 MP: 7/7
  1315 | D:2      | Reached XP level 4. HP: 14/26 MP: 8/8
  1315 | D:2      | Gained mutation: Your magical nature lets you fly swiftly
                  | and evasively. [Tengu growth]
  1315 | D:2      | Reached XP level 5. HP: 16/30 MP: 9/9
  1415 | D:2      | 1415 ||| FLEEEEING.
  1423 | D:2      | 1423 ||| STAIRDANCE
  1483 | D:2      | 1483 ||| Stepping ~*~*~tactically~*~*~ (stealth).
  1959 | D:2      | Found a broken altar of Ashenzari.
  2103 | D:2      | 2103 ||| READING scroll labelled TOUDEM FIUTUMO.
  2108 | D:2      | 2108 ||| READING scroll labelled QEERRUO ECOR.
  2109 | D:2      | 2109 ||| DRINKING 2 inky potions.
  2110 | D:2      | 2110 ||| DROPPING potion of attraction.
  2148 | D:3      | 2148 ||| Stepping ~*~*~tactically~*~*~ (stealth).
  2160 | D:3      | 2160 ||| DROPPING +0 club.
  2285 | D:3      | Reached XP level 6. HP: 35/35 MP: 10/10
  2754 | D:3      | Found an ancient bone altar of Kikubaaqudgha.
  2762 | D:3      | Found a shimmering blue altar of Sif Muna.
  2767 | D:3      | Found an ornate altar of the Wu Jian Council.
  2774 | D:3      | Found a stormy altar of Qazlal.
  2780 | D:3      | Found a glowing silver altar of Zin.
  2791 | D:3      | Found a snail-covered altar of Cheibriados.
  2799 | D:3      | Found an opulent altar of Gozag.
  2879 | D:3      | 2879 ||| Stepping ~*~*~tactically~*~*~ (stealth).
  2923 | D:3      | 2923 ||| UPGRADING to +0 scale mail.
  2933 | D:3      | 2933 ||| DROPPING +0 ring mail.
  2934 | D:3      | 2934 ||| UPGRADING to ring of protection from cold.
  2935 | D:3      | 2935 ||| READING scroll labelled XELLYUMAHITZ.
  3026 | D:4      | Reached skill level 7 in Axes
  3126 | D:4      | Reached skill level 3 in Fighting
  3145 | D:4      | 3145 ||| Stepping ~*~*~tactically~*~*~ (stealth).
  3149 | D:4      | 3149 ||| FLEEEEING.
  3150 | D:4      | 3150 ||| FLEEEEING.
  3151 | D:4      | 3151 ||| FLEEEEING.
  3152 | D:4      | 3152 ||| FLEEEEING.
  3153 | D:4      | 3153 ||| FLEEEEING.
  3154 | D:4      | 3154 ||| FLEEEEING.
  3155 | D:4      | 3155 ||| FLEEEEING.
  3156 | D:4      | 3156 ||| FLEEEEING.
  3157 | D:4      | 3157 ||| FLEEEEING.
  3158 | D:4      | 3158 ||| FLEEEEING.
  3159 | D:4      | 3159 ||| FLEEEEING.
  3160 | D:4      | 3160 ||| FLEEEEING.
  3161 | D:4      | 3161 ||| FLEEEEING.
  3162 | D:4      | 3162 ||| FLEEEEING.
  3163 | D:4      | 3163 ||| STAIRDANCE
  3189 | D:3      | 3189 ||| UPGRADING to +0 buckler.
  3194 | D:3      | 3194 ||| UPGRADING to +0 chain mail.
  3204 | D:3      | 3204 ||| DROPPING +0 scale mail.
  3209 | D:4      | Demolished by an ogre

Levels and vault maps discovered:
D:1:      spicycebolla_green_bress_n_ham_2, layout_basic, serial_shops, shop,
          hellmonk_ecumenical_altar_leap_of_faith
D:2:      layout_loops_ring, basic_altar,
          nicolae_concentric_dashed_squares_wild, minmay_misc_feat_four_crosses,
          lemuel_old_faithful, uniq_sigmund
D:3:      layout_loops_cross, grunt_temple_overflow_octagram,
          chequers_serial_rivers_large_a, serial_bayou_pond_c, kennysheep_donut
D:4:      layout_basic, mainiacjoe_overflow_boulevard,
          hellmonk_ghost_happy_afterlife, uniq_eustachio, uniq_pargi

Skill      XL: |  1  2  3  4  5  6 |
---------------+-------------------+-----
Axes           | 3 6 7 |  7.2
Fighting       | 3 |  3.0
Throwing       | |  1.0
Armour         | |  1.1
Dodging        | |  2.1
Spellcasting   | |  2.0
Translocations | |  2.4

Action                   |  1- 3 |  4- 6 || total
-------------------------+-------+-------++-------
Melee: Hand axe          |    54 |    55 ||   109
       Kick              |     9 |     6 ||    15
       Peck              |    10 |     5 ||    15
       Punch             |     1 |     1 ||     2
Throw: Boomerang         |     7 |    36 ||    43
  Use: Potion            |     2 |     1 ||     3
       Scroll            |       |     3 ||     3
Armor: Leather armour    |    10 |       ||    10
       Ring mail         |       |     4 ||     4
       Scale mail        |       |     4 ||     4
Dodge: Dodged            |    23 |    27 ||    50

Table legend:
 A = Non-vault XP
 B = Vault XP
 C = Vault XP percentage of total XP
 D = Non-vault monster count
 E = Vault monster count
 F = Vault count percentage of total count
                 A         B        C        D         E       F
            +---------+---------+-------+---------+---------+-------
      Total |     330 |     214 |  39.3 |      60 |       1 |   1.6
            +---------+---------+-------+---------+---------+-------
        D:1 |      31 |       0 |   0.0 |      20 |       0 |   0.0
        D:2 |      18 |     214 |  92.2 |      12 |       1 |   7.7
        D:3 |      87 |       0 |   0.0 |      17 |       0 |   0.0
        D:4 |     194 |       0 |   0.0 |      11 |       0 |   0.0
            +---------+---------+-------+---------+---------+-------
